 Dungeon Crawl Stone Soup version 0.31-a0-208-gdb31a4691d (webtiles) character file.

Game seed: 3833721382728027426

3431 Anon1729 the Fighter (level 9, -1/76 (82) HPs)
             Began as a Minotaur Monk on June 28, 2023.
             Slain by a wight
             ... wielding a +0 falchion
              (2 damage)
             ... on level 6 of the Dungeon.
             The game lasted 00:02:47 (5763 turns).

Anon1729 the Fighter (Minotaur Monk)                Turns: 5763, Time: 00:02:48

HP:   -1/76 (82)    AC:  7    Str: 16    XL:     9   Next: 77%
MP:   12/12         EV: 13    Int:  7    God:
Gold: 252           SH:  0    Dex: 17    Spells: 8/8 levels left

rFire   + . .        C - +1 dagger (drain)
rCold   x . .        d - orb {light}
rNeg    . . .        l - +0 scale mail
rPois   .            (helmet restricted)
rElec   .            (no cloak)
rCorr   .            (no gloves)
SInv    .            (no boots)
Will    .....        (no amulet) Stlth
                     o - ring of fire
HPRegen 0.32/turn    (no ring)
MPRegen 0.13/turn

%: no passive effects
@: glowing, drained
A: horns 2, retaliatory headbutt
a: no special abilities


You were on level 6 of the Dungeon.
You visited 1 branch of the dungeon, and saw 7 of its levels.

You collected 252 gold pieces.

Inventory:

Hand Weapons
 a - a +0 short sword
 C - a +1 dagger of draining (weapon)
 G - a +3 scimitar
Missiles
 D - a throwing net
Armour
 b - a +0 robe
 d - an orb of light (worn)
 l - a +0 scale mail (worn)
Jewellery
 o - a ring of fire (left hand)
 t - a ring of fire
Wands
 E - a wand of quicksilver (3)
Scrolls
 g - 2 scrolls of revelation {unknown}
 i - a scroll of noise {unknown}
 k - a scroll of fear {unknown}
 m - a scroll of immolation {unknown}
 n - a scroll of blinking {unknown}
 p - 7 scrolls of identify {unknown}
 q - 2 scrolls of enchant armour {unknown}
 s - a scroll of poison {unknown}
 v - 2 scrolls of teleportation {unknown}
 y - a scroll of fog {unknown}
 B - a scroll of enchant weapon {unknown}
Potions
 c - 2 potions of ambrosia
 e - a potion of curing
 f - 2 potions of brilliance {unknown}
 h - a potion of mutation {unknown}
 j - 2 potions of haste {unknown}
 r - a potion of resistance {unknown}
 u - a potion of degeneration {unknown}
 w - 3 potions of heal wounds {unknown}
 x - a potion of might {unknown}
 z - a potion of enlightenment {unknown}
 A - 3 potions of attraction {unknown}
 F - a potion of lignification {unknown}


   Skills:
 + Level 8.3 Fighting
 + Level 7.6 Short Blades
 + Level 7.3 Armour
 + Level 7.6 Dodging
 + Level 6.1 Invocations


You had 8 spell levels left.
You didn't know any spells.
Your spell library contained the following spells:

 Spells                   Type           Power      Damage    Failure   Level
 Blink                    Tloc           0%         N/A       91%         2
 Cigotuvi's Dreadful Rot  Necr/Pois/Air  0%         N/A       91%         2
 Ignite Poison            Fire/Tmut/Pois 0%         N/A       99%         3
 Inner Flame              Hex/Fire       0%         N/A       99%         3
 Flame Wave               Conj/Fire      0%         2d4       100%        4
 Manifold Assault         Tloc           0%         N/A       100%        4
 Sticky Flame             Conj/Fire      0%         2d3       100%        4
 Freezing Cloud           Conj/Ice/Air   0%         6-21      100%        5
 Storm Form               Tmut/Air       0%         N/A       100%        7


Dungeon Overview and Level Annotations

Branches:
Dungeon (7/15)             Temple (0/1) D:6

Altars:
Elyvilon
Fedhas
Gozag
Makhleb
Nemelex Xobeh

Shops:
D:4 [

Annotations:
D:6 1 transporter


Innate Abilities, Weirdness & Mutations

You have a pair of horns on your head.
You reflexively headbutt those who attack you in melee.


Message History

You are too injured to fight recklessly!
You are too injured to fight recklessly!
You are too injured to fight recklessly!
You are too injured to fight recklessly!
You are too injured to fight recklessly!
You are too injured to fight recklessly!
You are too injured to fight recklessly!
You are too injured to fight recklessly!
You hit Menkaure but do no damage.
Menkaure is almost destroyed.
You hit Menkaure.
You destroy Menkaure!
The wight closely misses you.
You hit the wight.
You headbutt the wight, but do no damage.
The wight is moderately damaged.
The wight hits you with a +0 falchion.
* * * LOW HITPOINT WARNING * * *
You barely miss the wight.
The wight is moderately damaged.
You hit the wight.
The wight is heavily damaged.
The wight hits you with a +0 falchion!
* * * LOW HITPOINT WARNING * * *
You completely miss the wight.
The wight is heavily damaged.
The wight hits you but does no damage.
You hit the wight but do no damage. Your headbutt misses the wight.
The wight is heavily damaged.
You hit the wight but do no damage.
You headbutt the wight, but do no damage.
The wight is heavily damaged.
The wight hits you with a +0 falchion!
* * * LOW HITPOINT WARNING * * *
You hit the wight but do no damage.
The wight is heavily damaged.
You feel better. The wight hits you with a +0 falchion!
* * * LOW HITPOINT WARNING * * *
You feel drained.
You die...

#. #######....#
#.#######.....#.####
...............## #####
# ..###.#.......###..
..(# ...............#
#.# #..#
.##.##.#..##.#..###.#
#..#
.......#.....#......#
#..# #....##...).#.#.#
#..# #.##Mz..##.@#.#.#
#... #......##...z.#.#.#
#.##
...##.>....#..##.#.# #)#
..# .....##.#..##.#.#
#.# .
#.#.##.......##.#.######
#.# . #.
...#.##.##.#......# #.#
. #..#.?...
######.####.# # ..
..##.. #......# #..#####


You could see a wight.

Vanquished Creatures
  A two-headed ogre (D:5)
  Pikel (D:6)
  Sigmund (D:2)
  Eustachio (D:5)
  A steam dragon (D:4)
  Menkaure (D:6)
  An orc warrior (D:5)
  A sky beast (D:7)
  An ice beast (D:7)
  2 black bears
  An ogre (D:5)
  2 centaurs
  A bullfrog (D:6)
  A necrophage (D:5)
  3 scorpions
  4 wights
  A howler monkey (D:5)
  A jelly (D:5)
  6 hounds
  A sleepcap (D:5)
  3 iguanas
  An orc wizard (D:4)
  A hound skeleton (D:5)
  7 gnolls
  8 adders
  A white imp (D:7)
  4 ufetubi
  2 dart slugs
  3 worms
  9 orcs
  11 ball pythons
  4 bats
  5 endoplasms
  3 giant cockroaches
  4 goblins
  5 hobgoblins
  4 jackals (D:4)
  6 quokkas
  2 frilled lizards
  10 kobolds
  3 rats
128 creatures vanquished.

Notes
Turn   | Place    | Note
-------+----------+-------------------------------------------
     0 | D:1      | Anon1729 the Minotaur Monk began the quest for the Orb.
     0 | D:1      | Reached XP level 1. HP: 19/19 MP: 0/0
   317 | D:1      | Reached XP level 2. HP: 27/27 MP: 1/1
   690 | D:2      | Reached skill level 1 in Armour
   730 | D:2      | Found an opulent altar of Gozag.
   749 | D:2      | Reached skill level 4 in Fighting
   749 | D:2      | Reached skill level 1 in Invocations
   749 | D:2      | Reached XP level 3. HP: 23/33 MP: 2/2
   813 | D:2      | Noticed Sigmund
   826 | D:2      | Killed Sigmund
   827 | D:2      | Reached XP level 4. HP: 20/41 MP: 2/4
   827 | D:2      | Reached XP level 5. HP: 23/47 MP: 2/5
  1821 | D:3      | Found a faded altar of an unknown god.
  2104 | D:4      | Reached XP level 6. HP: 55/55 MP: 6/6
  2192 | D:4      | Reached skill level 5 in Fighting
  2530 | D:4      | Noticed a steam dragon
  2770 | D:4      | Reached XP level 7. HP: 51/61 MP: 8/8
  2794 | D:4      | Killed a steam dragon
  2795 | D:4      | Reached skill level 5 in Short Blades
  2795 | D:4      | Reached skill level 5 in Dodging
  3169 | D:4      | Found Feyjaix's Antique Armour Shop.
  3218 | D:5      | Entered Level 5 of the Dungeon
  3328 | D:5      | Found a white marble altar of Elyvilon.
  3658 | D:5      | Noticed Eustachio
  3660 | D:5      | Found a blossoming altar of Fedhas.
  3679 | D:5      | Reached skill level 6 in Fighting
  3686 | D:5      | Killed Eustachio
  3687 | D:5      | Reached XP level 8. HP: 48/70 MP: 8/10
  3850 | D:5      | Reached skill level 5 in Armour
  3979 | D:5      | Found a burning altar of Makhleb.
  4402 | D:5      | Noticed a two-headed ogre
  4415 | D:5      | Killed a two-headed ogre
  4416 | D:5      | Reached skill level 7 in Fighting
  4416 | D:5      | Reached skill level 5 in Invocations
  4416 | D:5      | Reached XP level 9. HP: 45/79 MP: 11/11
  5273 | D:6      | Found a sparkling altar of Nemelex Xobeh.
  5273 | D:6      | Found a transporter.
  5313 | D:6      | Noticed Pikel
  5329 | D:6      | Killed Pikel
  5330 | D:6      | Reached skill level 8 in Fighting
  5373 | D:6      | Found a staircase to the Ecumenical Temple.
  5375 | D:6      | Noticed Menkaure
  5755 | D:6      | Killed Menkaure
  5761 | D:6      | HP: 2/78 [wight/+0 falchion (7)]
  5763 | D:6      | Slain by a wight

Illustrated notes

Levels and vault maps discovered:
D:1:      lightli_molten_gateway, layout_basic
D:2:      layout_rooms, basic_altar, chequers_jeans, minmay_cut_off,
          uniq_sigmund
D:3:      layout_basic, shapermc_ecumenical_altar_mp_urbaneastern,
          kennysheep_generic_room_2
D:4:      layout_cave_pools, serial_shops, shop
D:5:      cheibrodos_barr_body, layout_loops_ring, elyvilon_altar_4,
          makhleb_blood_cavern_becter, amcnicky_altar_gilded, serial_bayou,
          serial_bayou_shore_a, serial_bayou_pond_d, serial_bayou_lagoon_a,
          serial_bayou_shore_b, serial_bayou_crossing, abandoned_shop,
          uniq_eustachio
D:6:      layout_loops_ring, kennysheep_little_box, grunt_nemelex_the_gamble,
          minmay_temple_entry_ruins, st_stairs_11, uniq_pikel, uniq_menkaure
D:7:      layout_basic, serial_shops, shop, kennysheep_minor_cross,
          uniq_prince_ribbit1

Skill      XL: |  1  2  3  4  5  6  7  8  9 |
---------------+----------------------------+-----
Armour         | 1 2 3 4 6 7 |  7.3
Fighting       | 4 5 6 7 8 |  8.3
Invocations    | 1 2 3 4 5 6 |  6.1
Short Blades   | 4 5 6 7 |  7.6
Dodging        | 4 5 6 7 |  7.6

Action                     |  1- 3 |  4- 6 |  7- 9 || total
---------------------------+-------+-------+-------++-------
  Melee: Short sword       |    54 |   157 |    24 ||   235
         Headbutt          |    11 |    35 |    81 ||   127
         Dagger            |       |       |   255 ||   255
    Use: Potion            |       |     1 |     1 ||     2
 Armour: Robe              |     3 |       |       ||     3
         Scale mail        |     8 |    62 |    84 ||   154
  Dodge: Dodged            |    35 |    79 |   143 ||   257

Table legend: (Time is in decaauts)
 A = Elapsed time spent in this place.
 B = Non-inter-level travel time spent in this place.
 C = Inter-level travel time spent in this place.
 D = Time resting spent in this place.
 E = Time spent auto-exploring this place.
 F = Levels seen in this place.
 G = Mean time per level.
                   A        B        C        D        E       F      G
               +--------+--------+--------+--------+--------+-----+--------+
         Total |   5679 |   5361 |    318 |    674 |   3872 |   7 |  811.3 |
       Dungeon |   5679 |   5361 |    318 |    674 |   3872 |   7 |  811.3 |
               +--------+--------+--------+--------+--------+-----+--------+

Top non-repeatable levels by time:
     D:5: 1663 daAuts
     D:3: 1079 daAuts
     D:4: 789 daAuts
     D:2: 771 daAuts
     D:1: 677 daAuts
     D:6: 353 daAuts
     D:7: 344 daAuts
